 Dungeon Crawl Stone Soup version 0.29.1-13-g9f3cf754e1 (webtiles) character file.

Game seed: 17527890684835047474

4748 BoBCharka the Grappler (level 10, -2/88 HPs)
             Began as a Troll Berserker on Jan 21, 2023.
             Was an Elder of Trog.
             Slain by an ice beast (9 damage)
             ... while paralysed by a hornet
             ... on level 8 of the Dungeon.
             The game lasted 00:35:47 (7603 turns).

BoBCharka the Grappler (Troll Berserker)            Turns: 7603, Time: 00:35:48

Health: -2/88      AC: 11    Str: 29    XL:     10   Next: 23%
Magic:  9/9        EV:  1    Int:  9    God:    Trog [****..]
Gold:   337        SH:  0    Dex:  9    Spells: 9/9 levels left

rFire   . . .      SeeInvis .     - Unarmed
rCold   . . .      Faith    .   (no shield)
rNeg    . . .      Spirit   .   u - quicksilver dragon scales
rPois   .          Reflect  .   (helmet restricted)
rElec   .          Harm     .   (no cloak)
rCorr   .          Rampage  .   (gloves unavailable)
Will    +....                   (boots unavailable)
Stlth   ..........              (no amulet)
HPRegen 1.84/turn               j - +6 ring of intelligence
MPRegen 0.11/turn               (no ring)

@: paralysed, lethally poisoned (-2 -> -4), slowed
A: large, unfitting armour, claws 3, regeneration 2, shaggy fur 1, tough skin 1,
weak 1
a: Renounce Religion, Berserk, Trog's Hand, Brothers in Arms


You were on level 8 of the Dungeon.
You worshipped Trog.
Trog was greatly pleased with you.
You visited 2 branches of the dungeon, and saw 9 of its levels.
You also visited: Bailey.

You collected 434 gold pieces.
You spent 97 gold pieces at shops.

Inventory:

Missiles
 e - a throwing net (quivered)
Armour
 u - quicksilver dragon scales (worn)
Jewellery
 j - a +6 ring of intelligence (left claw)
 q - a ring of fire
 v - an amulet of magic regeneration
Wands
 a - a wand of charming (7)
 k - a wand of flame (56)
Scrolls
 d - 4 scrolls of butterflies
 h - 4 scrolls of enchant weapon
 l - a scroll of magic mapping {unknown}
 n - a scroll of enchant armour
 p - 2 scrolls of fear
 r - a scroll of teleportation
 t - a scroll of vulnerability {unknown}
 w - a scroll of identify
Potions
 b - a potion of magic
 c - 11 potions of curing
 f - a potion of flight
 g - 2 potions of heal wounds {unknown}
 i - 3 potions of haste {unknown}
 m - 2 potions of degeneration {unknown}
 o - 2 potions of might
 s - a potion of resistance {unknown}


   Skills:
 - Level 2.7 Fighting
 + Level 7.7 Dodging
 * Level 12.5 Unarmed Combat


You had 9 spell levels left.
You didn't know any spells.
Your spell library was empty.

Dungeon Overview and Level Annotations

Branches:
Dungeon (8/15)             Temple (1/1) D:6          Bailey (visited)
   Lair: D:8-11

Altars:
Ashenzari
Dithmenos
Elyvilon
Fedhas
Gozag
Hepliaklqana
Kikubaaqudgha
Makhleb
Nemelex Xobeh
Okawaru
Sif Muna
Trog
Vehumet
Wu Jian
Yredelemnul
Zin

Shops:
D:7 *


Innate Abilities, Weirdness & Mutations

You are too large for most types of armour.
You have claws for hands.
You heal very quickly.
You are covered in fur. (AC +1)
You have tough skin. (AC +1)
You are weak. (Str -2)


Message History

The gnoll sergeant misses you. The ice beast barely misses you.
The centaur attacks as you move away!
The centaur hits you but does no damage.
The centaur barely misses you.
You feel sick. The hornet stings you.
You feel as though you will be slow longer.
The centaur hits you. The centaur closely misses you.
The ice beast attacks as you move away!
The ice beast hits you but does no damage.
The hornet attacks as you move away!
The hornet stings you but does no damage.
You feel sick.
The hornet stings you but does no damage.
The centaur hits you but does no damage.
The centaur kicks you but does no damage.
The gnoll sergeant closely misses you. The ice beast barely misses you.
You feel sick. The hornet closely misses you.
The centaur hits you but does no damage.
The centaur kicks you but does no damage.
The hornet stings you!
You feel as though you will be slow longer.
The centaur hits you.
The centaur kicks you but does no damage.
The gnoll sergeant hits you but does no damage.
The hornet stings you!
You feel as though you will be slow longer.
The hornet attacks as you move away! The hornet closely misses you.
You feel sick.
You are no longer poisoned.
The centaur hits you. The centaur barely misses you.
The gnoll sergeant barely misses you. The centaur hits you.
The centaur barely misses you. The hornet stings you!
* * * LOW HITPOINT WARNING * * *
You are poisoned.
You suddenly lose the ability to move!
The gnoll sergeant hits you from afar with a +0 spear.
* * * LOW HITPOINT WARNING * * *
The jelly hits you but does no damage. The ice beast hits you.
* * * LOW HITPOINT WARNING * * *
The ice beast freezes you!
You die...

#........ ...#..........
#........ ....#..........
#........ ....#...<......
#........ ....#..........
+########'##+#####.)..#..##..####
...................####..##..###.
).............g....#.............
)...).###......cyY.#..>..........
...#### #......J@..#...####...##.
#### ##.###..D..##...####...##.
#....#.....'÷...#......#.. ..
#....#.....#÷...#......### ##
##..###.....#....#......##.
#..#..#.....#######......#.
#..#..#..._.......###'####.
#..#..######.............#.
##....# #.............#.


You could see a hornet, a steam dragon, an ice beast, a gnoll sergeant, a
centaur and a jelly.

Vanquished Creatures
  4 yaks (D:8)
  Edmund (D:4)
  An orc warrior (D:7)
  4 black bears
  An ice beast (D:5)
  A sky beast (D:7)
  2 ogres
  A phantom (D:7)
  A gnoll sergeant (D:7)
  4 scorpions
  2 bullfrogs
  A necrophage (D:4)
  14 wights
  A howler monkey (D:5)
  8 vampire bats (Bailey)
  8 wolf zombies (Bailey)
  An electric eel (D:7)
  3 jellies
  5 hounds
  Crazy Yiuf (D:6)
  2 orc priests
  3 iguanas
  An orc wizard (D:4)
  Robin (D:2)
  10 gnolls
  8 adders
  2 white imps
  An ufetubus (D:5)
  A worm (D:2)
  16 orcs
  5 bats
  7 endoplasms
  5 giant cockroaches
  23 goblins
  15 hobgoblins
  7 jackals
  4 kobolds
  11 quokkas
  11 ball pythons
  A frilled lizard (D:1)
  17 orc zombies (Bailey)
  2 rats
217 creatures vanquished.

Vanquished Creatures (collateral kills)
  A gargoyle (Bailey)
  A vampire (Bailey)
  2 orc zombies (Bailey)
4 creatures vanquished.

Vanquished Creatures (others)
  4 plants
4 creatures vanquished.

Grand Total: 225 creatures vanquished

Notes
Turn   | Place    | Note
-------+----------+-------------------------------------------
     0 | D:1      | BoBCharka the Troll Berserker began the quest for the Orb.
     0 | D:1      | Reached XP level 1. HP: 22/22 MP: 0/0
   175 | D:1      | Reached XP level 2. HP: 25/29 MP: 1/1
   649 | D:1      | Reached ** piety under Trog
  1022 | D:2      | Reached XP level 3. HP: 36/36 MP: 2/2
  1064 | D:2      | Noticed Robin
  1074 | D:2      | Killed Robin
  1090 | D:2      | Reached skill level 4 in Unarmed Combat
  1328 | D:2      | Reached XP level 4. HP: 44/44 MP: 3/3
  1463 | D:2      | Found a faded altar of an unknown god.
  1761 | D:3      | Reached *** piety under Trog
  1804 | D:3      | Found a glowing drain.
  1987 | D:3      | Reached skill level 5 in Unarmed Combat
  1987 | D:3      | Reached XP level 5. HP: 40/50 MP: 4/4
  2473 | D:4      | Reached XP level 6. HP: 59/59 MP: 5/5
  3149 | D:4      | Noticed Edmund
  3155 | D:4      | Killed Edmund
  3156 | D:4      | Reached skill level 6 in Unarmed Combat
  3363 | D:4      | Reached XP level 7. HP: 46/66 MP: 6/6
  3478 | D:4      | Reached skill level 7 in Unarmed Combat
  3625 | D:4      | Reached **** piety under Trog
  3906 | D:5      | Entered Level 5 of the Dungeon
  4079 | D:5      | Reached skill level 8 in Unarmed Combat
  4129 | D:5      | Reached skill level 5 in Dodging
  4129 | D:5      | Reached XP level 8. HP: 62/74 MP: 7/7
  4191 | D:5      | Found a white marble altar of Elyvilon.
  4678 | D:6      | Found an iron altar of Okawaru.
  4785 | D:6      | Found a runed translucent door.
  4786 | D:6      | Noticed Crazy Yiuf
  4847 | D:6      | Reached skill level 9 in Unarmed Combat
  4852 | D:6      | Found a staircase to the Ecumenical Temple.
  4869 | Temple   | Entered the Ecumenical Temple
  5502 | D:6      | Reached skill level 10 in Unarmed Combat
  5747 | D:6      | Killed Crazy Yiuf
  5748 | D:6      | Reached XP level 9. HP: 71/77 MP: 4/8
  5813 | D:6      | Gained mutation: You are weak. (Str -2) [potion of
                  | mutation]
  5813 | D:6      | Gained mutation: You heal very quickly. [potion of
                  | mutation]
  6312 | D:7      | Reached skill level 11 in Unarmed Combat
  6640 | D:7      | Found a flagged portal.
  6654 | Bailey   | Entered a bailey
  6911 | Bailey   | Noticed a gargoyle
  6915 | Bailey   | Killed a gargoyle
  6916 | Bailey   | Reached skill level 12 in Unarmed Combat
  6941 | Bailey   | Reached XP level 10. HP: 51/88 MP: 9/9
  7185 | D:7      | Found Eexaclo's Eclectic Emporium.
  7195 | D:7      | Bought a scroll of enchant armour for 97 gold pieces
  7338 | D:8      | Found a radiant altar of Vehumet.
  7603 | D:8      | Paralysed by a hornet for 1 turns
  7603 | D:8      | Slain by an ice beast

Illustrated notes

Levels and vault maps discovered:
D:1:      lightli_arrival_boilingwater, layout_loops_ring,
          minmay_shallow_snake_nest
D:2:      layout_loops_cross, dreamdust_ecumenical_altar_statues,
          minmay_diced_spiral, uniq_robin
D:3:      layout_loops_cross, portal_sewer_entry_f, chequers_jeans
D:4:      layout_loops_ring, uniq_edmund
D:5:      layout_cave_pools, nicolae_elyvilon_temple_path
D:6:      layout_loops_corners, okawaru_gym_becter,
          minmay_temple_entry_offerings, uniq_crazy_yiuf_cottage
D:7:      layout_basic, enter_bailey_3, nicolae_alphabet_shops,
          nicolae_lava_and_water, lightli_minifort
D:8:      layout_gridville, old_standard_altar, overflow_temple_1_default,
          minmay_pinched_square
Temple:   compressed_dpeg_circular_temple

Skill      XL: |  1  2  3  4  5  6  7  8  9 |
---------------+----------------------------+-----
Unarmed Combat | 4 5 6 8 10 12 | 12.5
Dodging        | 3 4 5 6 7 |  7.7
Fighting       | |  2.7

Action                   |  1- 3 |  4- 6 |  7- 9 | 10-12 || total
-------------------------+-------+-------+-------+-------++-------
Melee: Unarmed           |   108 |   145 |   304 |    45 ||   602
       Punch             |     3 |     1 |    10 |     6 ||    20
Invok: Berserk           |       |     3 |     2 |       ||     5
       Trog's Hand       |       |       |     1 |       ||     1
       Brothers in Arms  |       |       |     1 |       ||     1
  Use: Scroll            |       |     9 |     7 |       ||    16
       Potion            |       |       |     1 |       ||     1
 Stab: Sleeping          |     1 |       |       |       ||     1
Armor: Animal skin       |    24 |    36 |    10 |       ||    70
       Acid dragon scale |       |       |   111 |       ||   111
       Quicksilver drago |       |       |       |    26 ||    26
Dodge: Dodged            |    41 |    65 |   172 |    39 ||   317
